 Dungeon Crawl Stone Soup version 0.29-a0-993-g4a18f31a58 (webtiles) character file.

Game seed: 8772450735309138944

6104 omnomnOMINOUS the Trooper (level 10, -9/72 HPs)
             Began as an Octopode Wanderer on July 15, 2022.
             Was an Elder of Wu Jian.
             Mangled by a two-headed ogre
             ... wielding a +0 dire flail
              (26 damage)
             ... on level 9 of the Dungeon on Aug 2, 2022.
             The game lasted 00:33:53 (12695 turns).

omnomnOMINOUS the Trooper (Octopode Wanderer)      Turns: 12695, Time: 00:33:54

Health: -9/72      AC:  1    Str: 12    XL:     10   Next: 88%
Magic:  0/14       EV: 15    Int: 18    God:    Wu Jian [****..]
Gold:   231        SH:  0    Dex: 12    Spells: 13/15 levels left

rFire   . . .      SeeInvis .   b - +9 sling "Geatam" {speed, rPois rF- rN+ rCorr}
rCold   . . .      Faith    .   (no shield)
rNeg    + . .      Spirit   +   m - +0 hat
rPois   +          Reflect  .   l - amulet of guardian spirit
rElec   .          Harm     .   h - ring of flight
rCorr   +          Rampage  .   P - ring of protection from fire
Will    .....                   (no ring)
Stlth   +++.......              (no ring)
HPRegen 0.22/turn               (no ring)
MPRegen 0.14/turn               (no ring)
                                (no ring)
                                (no ring)

@: flying
A: almost no armour, amphibious, 8 rings, camouflage 1, gelatinous body 1,
(nimble swimmer 1), tentacles
a: Renounce Religion, Wall Jump, Serpent's Lash


You were on level 9 of the Dungeon.
You worshipped Wu Jian.
Wu Jian was greatly pleased with you.
You visited 1 branch of the dungeon, and saw 10 of its levels.

You collected 399 gold pieces.
You spent 168 gold pieces at shops.

Inventory:

Hand Weapons
 b - the +9 sling "Geatam" (weapon) {speed, rPois rF- rN+ rCorr}
   (You found it on level 3 of the Dungeon)

   Attacks with this weapon are significantly faster.
   rF:        It makes you vulnerable to fire.
   rPois:     It protects you from poison.
   rN:        It protects you from negative energy.
   rCorr:     It protects you from acid and corrosion.
 c - the +5 spear "Beyde" {antimagic, +Blink Will+ Dex+4}
   (You bought it in a shop on level 2 of the Dungeon)

   It reduces the magical energy of the wielder, and disrupts the spells and
   magical abilities of those it strikes.
   Natural abilities and divine invocations are not affected.
   Dex:       It affects your dexterity (+4).
   +Blink:    It lets you blink.
   Will:      It increases your willpower.
 n - a +2 dagger of holy wrath
 u - a +0 falchion of freezing
 v - a +3 flail
 F - a +2 great sword of freezing
 K - a +0 whip of electrocution
 M - a +3 spear of venom
 X - a +3 quarterstaff
Missiles
 g - 6 curare-tipped darts
 S - a throwing net
 V - 3 datura-tipped darts
Armour
 m - a +0 hat (worn)
 T - a +0 kite shield
Magical Staves
 G - a staff of poison
Jewellery
 h - a ring of flight (left tentacle)
 l - an amulet of guardian spirit (around mantle)
 p - a ring of fire
 x - an amulet of reflection
 D - an amulet of the acrobat
 P - a ring of protection from fire (right tentacle)
Wands
 y - a wand of flame (26)
 H - a wand of digging (5)
 L - a wand of paralysis (11)
 W - a wand of polymorph (10)
Scrolls
 d - a scroll of enchant weapon {unknown}
 e - a scroll of blinking {unknown}
 f - 2 scrolls of noise
 j - a scroll of brand weapon {unknown}
 k - a scroll of butterflies
 q - 2 scrolls of poison
 s - 3 scrolls of teleportation
 w - 2 scrolls of amnesia
 A - 2 scrolls of enchant armour {unknown}
 O - 2 scrolls of immolation {unknown}
 Y - a scroll of fear {unknown}
 Z - a scroll of silence {unknown}
Potions
 i - 6 potions of curing
 o - a potion of invisibility {unknown}
 r - a potion of berserk rage {unknown}
 t - 2 potions of mutation {unknown}
 B - a potion of lignification {unknown}
 C - a potion of attraction {unknown}
 E - a potion of might {unknown}
 I - a potion of brilliance {unknown}
 Q - a potion of haste {unknown}
 U - a potion of degeneration {unknown}


   Skills:
 + Level 7.8 Fighting
 - Level 1.0 Maces & Flails
 * Level 6.5 Ranged Weapons
 + Level 7.4 Dodging
 - Level 2.6 Stealth
 - Level 3.0 Spellcasting
 - Level 7.0 Conjurations
 - Level 7.0 Air Magic
 - Level 1.1 Evocations


You had 13 spell levels left.
You knew the following spells:

 Your Spells              Type           Power      Damage    Failure   Level
a - Magic Dart            Conj           100%       1d8       1%          1
b - Shock                 Conj/Air       100%       1d9       1%          1

Your spell library contained the following spells:

 Spells                   Type           Power      Damage    Failure   Level
 Conjure Flame            Conj/Fire      15%        6-21      12%         3
 Beastly Appendage        Tmut           4%         N/A       16%         1
 Necrotise                Necr           8%         1d4       16%         1
 Wereblood                Tmut           2%         N/A       24%         2
 Gell's Gravitas          Tloc           2%         N/A       43%         3
 Lesser Beckoning         Tloc           2%         N/A       43%         3
 Spider Form              Tmut/Pois      2%         N/A       43%         3
 Teleport Other           Tloc           2%         N/A       43%         3
 Animate Dead             Necr           2%         N/A       85%         4
 Haunt                    Necr/Summ      1%         N/A       100%        7
 Infestation              Necr           1%         N/A       100%        8


Dungeon Overview and Level Annotations

Branches:
Dungeon (10/15)            Temple (0/1) D:6
   Lair: D:8-11         Orc: D:9-12

Altars:
Ashenzari
Dithmenos
Hepliaklqana
Kikubaaqudgha
Wu Jian
Xom
Zin

Shops:
D:2 (   D:4 :

Annotations:
D:3 1 runed translucent door, valliere's ghost, amateur SpEn


Innate Abilities, Weirdness & Mutations

You cannot wear most types of armour.
You are amphibious.
You can wear up to eight rings at the same time.
Your skin changes colour to match your surroundings (Stealth+).
Your rubbery body absorbs attacks. (AC +1, EV +1)
((You are camouflaged when in or above water. (Stealth+)))
You have tentacles for arms and can constrict up to eight enemies at once.


Message History

There is a stone staircase leading down here.
Unknown command.
Fire: b) +9 sling "Geatam" {speed, rPois rF- rN+ rCorr}
Press: ? - help, Q - select action, (/) - cycle Shift-Dir - straight line, f - two-headed ogre
Aim: a two-headed ogre, wielding a +0 dire flail and a +0 giant club (heavily wounded, 81% to hit)
You shoot a sling bullet.
The sling bullet barely misses the two-headed ogre.
Fire: b) +9 sling "Geatam" {speed, rPois rF- rN+ rCorr}
Press: ? - help, Q - select action, (/) - cycle Shift-Dir - straight line, f/p - two-headed ogre
Aim: a two-headed ogre, wielding a +0 dire flail and a +0 giant club (heavily wounded, 81% to hit)
You shoot a sling bullet.
The sling bullet hits the two-headed ogre.
The two-headed ogre is heavily wounded.
The two-headed ogre hits you with a +0 dire flail!!
* * * LOW HITPOINT WARNING * * *
The two-headed ogre hits you with a +0 giant club.
* * * LOW HITPOINT WARNING * * *
You feel better.
Fire: b) +9 sling "Geatam" {speed, rPois rF- rN+ rCorr}
Press: ? - help, Q - select action, (/) - cycle Shift-Dir - straight line, f/p - two-headed ogre
Aim: a two-headed ogre, wielding a +0 dire flail and a +0 giant club (heavily wounded, 81% to hit)
You shoot a sling bullet.
The sling bullet hits the two-headed ogre!
The two-headed ogre is heavily wounded.
The two-headed ogre hits you with a +0 dire flail!
* * * LOW HITPOINT WARNING * * *
The two-headed ogre barely misses you.
Fire: b) +9 sling "Geatam" {speed, rPois rF- rN+ rCorr}
Press: ? - help, Q - select action, (/) - cycle Shift-Dir - straight line, f/p - two-headed ogre
Aim: a two-headed ogre, wielding a +0 dire flail and a +0 giant club (heavily wounded, 81% to hit)
You shoot a sling bullet.
The sling bullet hits the two-headed ogre!
The two-headed ogre is severely wounded.
Fire: b) +9 sling "Geatam" {speed, rPois rF- rN+ rCorr}
Press: ? - help, Q - select action, (/) - cycle Shift-Dir - straight line, f/p - two-headed ogre
Aim: a two-headed ogre, wielding a +0 dire flail and a +0 giant club (severely wounded, 81% to hit)
You shoot a sling bullet.
The sling bullet barely misses the two-headed ogre.
The two-headed ogre hits you with a +0 dire flail!!
You die...

########## #.......@#
#......O.# #........#
#........# #........#
######## #........#
##......## #........#
##........## #........#
#...........
####.###.#####........<.#


You could see a two-headed ogre.

Vanquished Creatures
  A komodo dragon (D:9)
  A troll (D:9)
  Grinder (D:6)
  10 yaks
  3 vampire mosquitoes (D:9)
  3 ice beasts
  4 orc warriors
  A sky beast (D:7)
  2 black bears
  2 ogres
  2 phantoms
  3 centaurs
  Blork the orc (D:6)
  3 kobold brigands
  2 bullfrogs
  2 gnoll sergeants
  A necrophage (D:6)
  10 wights
  A scorpion (D:6)
  5 howler monkeys
  3 hounds
  Crazy Yiuf (D:7)
  An orc priest (D:2)
  An iguana (D:5)
  Ijyb (D:4)
  9 orc wizards
  8 adders
  14 gnolls
  2 shadow imps
  3 white imps
  A worm (D:4)
  2 dart slugs (D:3)
  28 orcs
  6 bats
  9 endoplasms
  4 giant cockroaches
  4 goblins
  9 hobgoblins
  3 jackals (D:1)
  7 quokkas
  7 ball pythons
  8 frilled lizards
  24 kobolds
  3 rats
216 creatures vanquished.

Vanquished Creatures (others)
  A human (D:4)
  5 plants (D:1)
6 creatures vanquished.

Grand Total: 222 creatures vanquished

Notes
Turn   | Place    | Note
-------+----------+-------------------------------------------
     0 | D:1      | omnomnOMINOUS the Octopode Wanderer began the quest for the
                  | Orb.
     0 | D:1      | omnomnOMINOUS set off with the following items: a +0 mace,
                  | a +0 hat, a scroll of teleportation; and the following
                  | spells available to memorise: Magic Dart, Necrotise, Shock,
                  | Conjure Flame.
     0 | D:1      | Reached XP level 1. HP: 14/14 MP: 4/4
     2 | D:1      | Learned a level 1 spell: Magic Dart
     2 | D:1      | Upgraded the game from 0.29-a0-841-g116ddc6ace to
                  | 0.29-a0-993-g4a18f31a58
   292 | D:1      | Reached XP level 2. HP: 19/19 MP: 6/6
   423 | D:1      | Reached skill level 1 in Conjurations
   659 | D:1      | Reached skill level 1 in Dodging
  1118 | D:1      | Reached XP level 3. HP: 25/25 MP: 7/7
  1460 | D:1      | Found a faded altar of an unknown god.
  1466 | D:1      | Prayed at the altar of an unknown god.
  1466 | D:1      | Became a worshipper of the Wu Jian Council
  1466 | D:1      | Reached * piety under Wu Jian
  1766 | D:2      | Found Vieholea's Antique Weapon Shoppe.
  2028 | D:2      | Reached XP level 4. HP: 30/30 MP: 8/8
  2287 | D:2      | Reached XP level 5. HP: 20/36 MP: 0/9
  2756 | D:3      | Identified the +9 sling "Geatam" {speed, rPois rF- rN+
                  | rCorr}
  3350 | D:3      | Noticed valliere's ghost (amateur SpEn)
  3391 | D:3      | Reached ** piety under Wu Jian
  3468 | D:3      | Found a hazy altar of Hepliaklqana.
  3610 | D:3      | Found a runed translucent door.
  3954 | D:2      | Bought a buzzing spear for 168 gold pieces
  3954 | D:2      | Identified the +5 spear "Beyde" {antimagic, +Blink Will+
                  | Dex+4} (You bought it in a shop on level 2 of the Dungeon)
  4207 | D:4      | Noticed an ogre
  4280 | D:4      | Noticed an ice beast
  4331 | D:4      | Reached XP level 6. HP: 43/43 MP: 5/10
  4381 | D:4      | Noticed Ijyb
  4675 | D:4      | Killed Ijyb
  4892 | D:4      | Found an ancient bone altar of Kikubaaqudgha.
  4893 | D:4      | Noticed a human
  4896 | D:4      | Killed a human
  5020 | D:4      | Killed an ice beast
  5128 | D:4      | Noticed a black bear
  5241 | D:4      | Killed a black bear
  5242 | D:4      | Reached XP level 7. HP: 49/49 MP: 11/11
  5362 | D:4      | Found Mootac's Book Shop.
  5370 | D:4      | Learned a level 1 spell: Shock
  5373 | D:5      | Entered Level 5 of the Dungeon
  5595 | D:5      | Reached skill level 1 in Air Magic
  5869 | D:5      | Reached skill level 5 in Fighting
  5916 | D:5      | Reached XP level 8. HP: 55/55 MP: 12/12
  5959 | D:5      | Found a glowing silver altar of Zin.
  6397 | D:6      | Noticed Grinder
  6398 | D:6      | Reached skill level 5 in Conjurations
  6638 | D:6      | Found a staircase to the Ecumenical Temple.
  6650 | D:6      | Killed Grinder
  6801 | D:6      | Noticed Blork the orc
  6820 | D:6      | Reached skill level 5 in Dodging
  6830 | D:6      | Killed Blork the orc
  6994 | D:6      | Noticed a yak
  6994 | D:6      | Noticed a yak
  6995 | D:6      | Noticed a yak
  6995 | D:6      | Noticed a yak
  7048 | D:6      | Reached XP level 9. HP: 21/62 MP: 7/13
  7054 | D:6      | Reached *** piety under Wu Jian
  7543 | D:6      | Reached skill level 5 in Air Magic
  7826 | D:7      | Reached skill level 1 in Ranged Weapons
  8710 | D:7      | Found a broken altar of Ashenzari.
  8842 | D:7      | Found a runed translucent door.
  8843 | D:7      | Noticed Crazy Yiuf
  8979 | D:7      | Killed Crazy Yiuf
  9222 | D:8      | Reached **** piety under Wu Jian
  9303 | D:8      | Reached XP level 10. HP: 69/69 MP: 14/14
 10666 | D:8      | Reached skill level 5 in Ranged Weapons
 10853 | D:9      | Found a shimmering altar of Xom.
 11569 | D:9      | Found a shadowy altar of Dithmenos.
 11603 | D:10     | Entered Level 10 of the Dungeon
 12643 | D:10     | Noticed a boulder beetle
 12644 | D:10     | Noticed an orc knight
 12685 | D:10     | Noticed a two-headed ogre
 12695 | D:9      | Mangled by a two-headed ogre

Illustrated notes

Levels and vault maps discovered:
D:1:      kennysheep_arrival_seaside, layout_basic,
          chequers_ecumenical_altar_lobes, serial_bayou_lagoon_b
D:2:      layout_basic, serial_shops, shop
D:3:      layout_loops_corners, nicolae_overflow_hidden_temple,
          hellmonk_ghost_happy_afterlife
D:4:      layout_rooms, tgw_kikubaaqudgha, serial_shops, nicolae_stop_n_shop_2,
          uniq_ijyb
D:5:      layout_basic, mainiacjoe_overflow_alcove_2, nicolae_zen_rock_garden
D:6:      layout_rooms, minmay_temple_entry_arrows, gup_sewer_entry_pipe,
          chequers_serial_rivers_small_3, uniq_blork_the_orc, uniq_grinder
D:7:      layout_basic, lemuel_doored_altar, uniq_crazy_yiuf_cottage
D:8:      layout_loops_corners, chequers_serial_rivers_room_a, st_stairs_3
D:9:      layout_rooms, mainiacjoe_overflow_catwalk, marbit_many_paths
D:10:     minmay_the_grid_octo_tiled_octocenter
          [minmay_the_grid_octo_fat_diamond,
          minmay_the_grid_octo_vomiting_pacman, minmay_the_grid_octo_focus,
          minmay_the_grid_octo_odd_swirl,
          minmay_the_grid_octo_prize_square_snowflake,
          minmay_the_grid_square_5x5_minimal, minmay_the_grid_square_5x5_three,
          minmay_the_grid_square_5x5_misaligned,
          minmay_the_grid_square_5x5_six], layout_cave_pools, slow_altar_2

Skill      XL: |  1  2  3  4  5  6  7  8  9 10 |
---------------+-------------------------------+-----
Conjurations   | 1 2 3 4 6 7 |  7.0
Dodging        | 1 2 3 4 5 6 7 |  7.4
Fighting       | 3 4 5 6 7 |  7.8
Air Magic      | 2 4 6 7 |  7.0
Ranged Weapons | 3 6 |  6.5
Maces & Flails | |  1.0
Stealth        | |  2.6
Spellcasting   | |  3.0
Evocations     | |  1.1

Action                   |  1- 3 |  4- 6 |  7- 9 | 10-12 || total
-------------------------+-------+-------+-------+-------++-------
Melee: Mace              |    18 |       |       |       ||    18
       Constrict         |    21 |    25 |       |       ||    46
       Tentacles         |    12 |    17 |       |     1 ||    30
       Hand axe          |    46 |    83 |       |       ||   129
       Punch             |     2 |     1 |       |       ||     3
       Dagger            |       |       |       |     2 ||     2
 Fire: Sling             |       |    10 |   309 |   264 ||   583
Throw: Dart              |       |     1 |       |       ||     1
 Cast: Magic Dart        |     9 |    33 |       |       ||    42
Invok: Lunge             |     3 |     8 |       |       ||    11
       Whirlwind         |       |     3 |       |       ||     3
Evoke: Wand              |       |       |       |     2 ||     2
  Use: Scroll            |       |     5 |     4 |     3 ||    12
       Potion            |       |       |     2 |     6 ||     8
 Stab: Sleeping          |     7 |     4 |       |       ||    11
       Paralysed         |       |       |       |     2 ||     2
Armor: Skin              |     6 |     1 |     4 |     2 ||    13
Dodge: Dodged            |    37 |    44 |    54 |    98 ||   233

Table legend: (Time is in decaauts)
 A = Elapsed time spent in this place.
 B = Non-inter-level travel time spent in this place.
 C = Inter-level travel time spent in this place.
 D = Time resting spent in this place.
 E = Time spent auto-exploring this place.
 F = Levels seen in this place.
 G = Mean time per level.
                   A        B        C        D        E       F      G
               +--------+--------+--------+--------+--------+-----+--------+
         Total |  12642 |  11958 |    684 |   3748 |   6491 |  10 | 1264.2 |
       Dungeon |  12642 |  11958 |    684 |   3748 |   6491 |  10 | 1264.2 |
               +--------+--------+--------+--------+--------+-----+--------+

Top non-repeatable levels by time:
     D:9: 1924 daAuts
     D:1: 1836 daAuts
     D:8: 1519 daAuts
     D:7: 1420 daAuts
     D:2: 1238 daAuts
     D:5: 1229 daAuts
     D:3: 1179 daAuts
     D:4: 1170 daAuts
     D:6: 1090 daAuts
    D:10: 33 daAuts
